AoeStats
← 富尔坎

Arabia

508445635Analyzed
4v4 RM · 11d ago on Sep 22, 2026· 29m 31s· 8 players
Game mode
Random Map
Map size
Large (8 player)
Population
200
Speed
Normal
Resources
Standard
Victory
Conquest
Starting age
Dark Age
Ending age
Imperial Age
RankedLock teamsTeams togetherTeam positionsShared explorationLock speedFull tech treeHidden civsTurbo modeCheats
Victory
Defeat
🇫🇷 Magyars · France
973
+12
🇨🇴 Franks · Colombia
932
+14
🇺🇸 Spanish · United States
906
+15
🇺🇸 Britons · United States
905
+15
🇩🇪 Burgundians · Germany
936
-46
🇩🇪 Poles · Germany
915
-15
🇩🇪 Franks · Germany
884
-40
🇬🇧 Franks · United Kingdom
803
-27
rob1234aoe2
6:38 Loom
9:36 Feudal Age
10:44 Double-Bit Axe
13:07 Horse Collar
21:23 Castle Age
20:36 Scale Barding Armor
21:42 Bloodlines
22:38 Husbandry
23:25 Bow Saw
23:23 Gold Mining
28:11 Chain Barding Armor
vondeluc73
12:05 Feudal Age
10:20 Loom
16:19 Castle Age
14:41 Double-Bit Axe
15:44 Bloodlines
16:50 Horse Collar
18:49 Scale Barding Armor
19:29 Heavy Plow
20:44 Fletching
22:36 Gold Mining
24:38 Ballistics
peyton off a bean
11:58 Feudal Age
14:30 Double-Bit Axe
16:56 Castle Age
15:53 Horse Collar
16:29 Fletching
16:35 Loom
19:35 Crossbowman
21:28 Padded Archer Armor
24:05 Bodkin Arrow
25:39 Wheelbarrow
28:57 Leather Archer Armor
julianacional_
11:43 Feudal Age
16:10 Forging
17:42 Scale Barding Armor
21:42 Wheelbarrow
23:51 Castle Age
23:46 Stone Mining
25:17 Iron Casting
25:03 Chain Barding Armor
24:47 Husbandry
28:10 Wheelbarrow
anil44
0:59 Loom
13:06 Feudal Age
21:21 Town Watch
26:24 Wheelbarrow
hck
11:22 Feudal Age
23:25 Double-Bit Axe
23:40 Gold Mining
富尔坎
5:24 Wheelbarrow
8:10 Horse Collar
9:58 Double-Bit Axe
11:06 Gold Mining
Bombardiro Croccodilo
11:33 Feudal Age
12:19 Double-Bit Axe
12:29 Gold Mining
22:00 Castle Age
20:50 Padded Archer Armor
20:41 Fletching
21:03 Horse Collar
23:03 Bow Saw
23:54 Crossbowman
24:41 Thumb Ring
26:32 Bodkin Arrow
26:53 Leather Archer Armor
27:30 Heavy Plow
27:14 Pikeman
Connection lost

Rejoining the realm…

Still unreachable

The connection could not be restored.

Session expired

The server has moved on; the page needs a fresh start.